 Dungeon Crawl Stone Soup version 0.24.0-35-gdb84b6a5db (webtiles) character file.

Game seed: 2593412926236523947, levelgen mode: deterministic

85 Delamore the Chopper (level 4, 0/39 HPs)
             Began as a Hill Orc Fighter on Nov 17, 2019.
             Slain by a gnoll
             ... wielding a +0 halberd
              (8 damage)
             ... on level 3 of the Dungeon.
             The game lasted 00:02:34 (2540 turns).

Delamore the Chopper (Hill Orc Fighter)             Turns: 2540, Time: 00:02:34

Health: 0/39       AC:  6    Str: 19    XL:     4   Next: 48%
Magic:  4/4        EV:  7    Int:  8    God:
Gold:   180        SH:  9    Dex: 10    Spells: 3/3 levels left

rFire    . . .     SeeInvis .   a - +0 war axe
rCold    . . .     Gourm    .   c - +0 shield
rNeg     . . .     Faith    .   b - +0 scale mail
rPois    .         Spirit   .   (no helmet)
rElec    .         Reflect  .   (no cloak)
rCorr    .         Harm     .   (no gloves)
MR       .....                  (no boots)
Stlth    ..........             h - amulet of inaccuracy (curse)
HPRegen  0.13/turn              (no ring)
MPRegen  0.09/turn              (no ring)

@: no status effects
A: no striking features
a: no special abilities


You were on level 3 of the Dungeon.
You were hungry.

You visited 1 branch of the dungeon, and saw 4 of its levels.

You collected 180 gold pieces.

Inventory:

Hand Weapons
 a - a +0 war axe (weapon)
Armour
 b - a +0 scale mail (worn)
 c - a +0 shield (worn)
Jewellery
 h - a cursed amulet of inaccuracy (around neck)
 k - an uncursed ring of fire
Scrolls
 j - 2 scrolls of blinking
Potions
 d - 2 potions of might
 e - a potion of heal wounds
 g - a potion of flight {unknown}
 i - a potion of degeneration {unknown}
 m - a potion of resistance {unknown}
 n - a potion of mutation {unknown}
Comestibles
 f - 5 rations


   Skills:
 - Level 3.6 Fighting
 + Level 6.1 Axes
 - Level 3.2 Armour
 - Level 3.2 Shields


You had 3 spell levels left.
You didn't know any spells.
Your spell library was empty.

Dungeon Overview and Level Annotations

Branches:
Dungeon (4/15)
 Temple: D:4-7

Altars:


Message History

The gnoll barely misses you.
You barely miss the gnoll. You slash the gnoll!
You kill the gnoll!
Your Axes skill increases to level 6!
You block the gnoll's attack.
You closely miss the gnoll. The gnoll hits you with a +0 halberd!
You closely miss the gnoll. You block the gnoll's attack.
Unknown command.
You barely miss the gnoll. The gnoll closely misses you.
Your shield and scale mail prevent you from hitting the gnoll.
The gnoll barely misses you.
You closely miss the gnoll. The gnoll hits you with a +0 halberd!
* * * LOW HITPOINT WARNING * * *
You hit the gnoll.
The gnoll is lightly wounded.
You block the gnoll's attack.
You barely miss the gnoll.
The gnoll is lightly wounded.
The gnoll hits you with a +0 halberd!
You die...

........#### #.........#
...........# #.........#
...........#####.......##
.......#..............##
...................#######
#^.......................##
######....................##
#####..........)...........#
................@..........#
.#####..........g..........#
...........................#
########...................#
# ######.............##
#############.####.........#
..............# #.........#
############### #.........#
#.........#


You could see a gnoll.

Vanquished Creatures
  2 gnolls
  2 adders (D:2)
  A worm (D:3)
  2 leopard geckos (D:2)
  A giant cockroach (D:1)
  5 goblins
  6 hobgoblins
  6 jackals
  7 bats
  4 frilled lizards
  4 kobolds
  3 rats (D:1)
43 creatures vanquished.

Notes
Turn   | Place    | Note
-------+----------+-------------------------------------------
     0 | D:1      | Delamore the Hill Orc Fighter began the quest for the Orb.
     0 | D:1      | Reached XP level 1. HP: 19/19 MP: 1/1
     7 | D:1      | Reached skill level 3 in Axes
    79 | D:1      | Reached XP level 2. HP: 23/26 MP: 2/2
   252 | D:1      | Reached skill level 4 in Axes
   819 | D:2      | Reached XP level 3. HP: 18/31 MP: 3/3
  1023 | D:2      | Reached skill level 5 in Axes
  1231 | D:2      | You fall into a shaft and drop 1 floor!
  1661 | D:2      | Reached XP level 4. HP: 32/39 MP: 4/4
  2533 | D:3      | Reached skill level 6 in Axes
  2540 | D:3      | Slain by a gnoll

Levels and vault maps discovered:
D:1:      minmay_arrival_shoal_huts, layout_basic
D:2:      layout_basic, minmay_misc_feat_ornament
D:3:      layout_rooms
D:4:      layout_loops_ring, first_ration, minmay_misc_feat_x, uniq_pikel,
          uniq_blork_the_orc

Skill      XL: |  1  2  3  4 |
---------------+-------------+-----
Axes           | 3 4 5 6 |  6.1
Fighting       | |  3.6
Armour         | |  3.2
Shields        | |  3.2

Action                   |  1- 3 |  4- 6 || total
-------------------------+-------+-------++-------
Melee: War axe           |   160 |    52 ||   212
  Use: Scroll            |     2 |     3 ||     5
  Eat: Chunk             |     3 |     2 ||     5
Armor: Scale mail        |    94 |    19 ||   113
Dodge: Dodged            |    56 |    11 ||    67
Block: Shield            |    95 |    35 ||   130
